 Dungeon Crawl Stone Soup version 0.32-a0-791-gfc315c9ecd (webtiles) character file.

Game seed: 2984504746547896363

5869 olourkin the Skirmisher (level 11, -4/56 HPs)
             Began as a Kobold Hexslinger on Feb 25, 2024.
             Was a Believer of Dithmenos.
             Slain by an obsidian bat (8 damage)
             ... on level 1 of the Orcish Mines on Mar 21, 2024.
             The game lasted 01:24:24 (14097 turns).

olourkin the Skirmisher (Kobold Hexslinger)        Turns: 14097, Time: 01:24:24

Health: -4/56      AC:  9    Str:  6    XL:     11   Next: 8%
Magic:  21/21      EV: 20    Int: 15    God:    Dithmenos [**....]
Gold:   745        SH:  0    Dex: 21    Spells: 12/12 levels left

rFire   . . .        a - +4 short sword (vamp)
rCold   . . .        (no shield)
rNeg    . . .        J - +1 steam dragon scales
rPois   .            u - +1 helmet
rElec   .            H - +0 cloak
rCorr   .            (no gloves)
SInv    .            (no boots)
Will    .....        (no amulet)
Stlth   ++++++       r - ring of magical power
HPRegen 0.29/turn    (no ring)
MPRegen 0.17/turn

%: no passive effects
@: wreathed by umbra
A: small, no large weapons, nightstalker 3
a: Renounce Religion, Shadow Step


You were on level 1 of the Orcish Mines.
You worshipped Dithmenos.
Dithmenos was pleased with you.
You visited 3 branches of the dungeon, and saw 12 of its levels.
You also visited: Ossuary.

You collected 745 gold pieces.

Inventory:

Hand Weapons
 a - a +4 vampiric short sword (weapon)
 b - a +0 arbalest
 v - a +1 sling
 F - a +0 orcbow
 I - a +0 shortbow
 M - a +1 dagger of speed
Missiles
 c - 21 poisoned darts
 e - 3 throwing nets (quivered)
 f - 56 stones
 G - 5 boomerangs
Armour
 u - a +1 helmet (worn)
 E - a +3 leather armour
 H - a +0 cloak (worn)
 J - +1 steam dragon scales (worn)
Jewellery
 r - a ring of magical power (left hand)
 y - an amulet of faith {!P}
 K - a ring of protection from fire
 P - a +6 ring of strength
Wands
 g - a wand of roots (5)
Scrolls
 d - a scroll of blinking {unknown}
 h - 6 scrolls of identify
 j - 6 scrolls of teleportation
 l - a scroll of noise {!r}
 m - 3 scrolls of enchant weapon {unknown}
 n - a scroll of fog {unknown}
 o - 3 scrolls of revelation {unknown}
 q - 2 scrolls of immolation {unknown}
 s - a scroll of amnesia {unknown}
 w - 2 scrolls of poison {!r}
 B - a scroll of summoning {unknown}
 D - 3 scrolls of silence {unknown}
 L - a scroll of brand weapon {unknown}
 O - 2 scrolls of vulnerability {unknown}
 Q - a scroll of fear {unknown}
Potions
 i - 2 potions of mutation {unknown}
 k - 2 potions of might
 p - 2 potions of resistance {unknown}
 t - 2 potions of degeneration {unknown}
 x - 3 potions of brilliance {unknown}
 z - 7 potions of curing
 A - a potion of ambrosia {unknown}
 C - a potion of magic {unknown}
 N - a potion of berserk rage {unknown}


   Skills:
 - Level 1.1 Fighting
 + Level 9.4 Short Blades
 * Level 14.3 Ranged Weapons
 + Level 8.9 Dodging
 + Level 7.6 Stealth
 - Level 1.1 Spellcasting
 - Level 3.0 Hexes
 - Level 1.0 Fire Magic


You had 12 spell levels left.
You didn't know any spells.
Your spell library contained the following spells:

 Spells                   Type           Power      Damage    Failure   Level
 Jinxbite                 Hex            18%        N/A       11%         2
 Sigil of Binding         Hex            9%         N/A       22%         3
 Inner Flame              Hex/Fire       6%         N/A       32%         3
 Cause Fear               Hex            4%         N/A       56%         4
 Frozen Ramparts          Ice            0%         1d1       58%         3
 Dimensional Bullseye     Hex/Tloc       2%         N/A       78%         4
 Leda's Liquefaction      Alch/Erth      0%         N/A       94%         4
 Petrify                  Alch/Erth      0%         N/A       94%         4
 Metabolic Englaciation   Hex/Ice        2%         N/A       98%         5


Dungeon Overview and Level Annotations

Branches:
Dungeon (9/15)             Temple (1/1) D:7             Orc (2/2) D:9
Ossuary (visited)
   Lair: D:8-11         Elf: Orc:2

Altars:
Ashenzari
Cheibriados
Dithmenos
Elyvilon
Fedhas
Gozag
Hepliaklqana
Kikubaaqudgha
Makhleb
Okawaru
Qazlal
Ru
Sif Muna
Trog
Uskayaw
Vehumet
Wu Jian
Xom
Yredelemnul
Zin
The Shining One

Shops:
D:7 :

Annotations:
D:3 Ijyb, Terence
D:7 Jeremiah
D:9 Harold


Innate Abilities, Weirdness & Mutations

You are small and have problems with some larger weapons.
You are completely attuned to the shadows.


Message History

The hell hound closely misses you. The hell hound barely misses you.
The hell hound breathes flames at you. The blast of flame misses you.
The obsidian bat closely misses you.
You barely miss the obsidian bat.
The obsidian bat is moderately damaged.
The hell hound completely misses you.
The obsidian bat bites you but does no damage.
The hell hound closely misses you.
You hit the obsidian bat but do no damage.
The obsidian bat is moderately damaged.
The obsidian bat bites you!
* * * LOW HITPOINT WARNING * * *
The hell hound completely misses you. The hell hound bites you.
* * * LOW HITPOINT WARNING * * *
The obsidian bat bites you but does no damage.
The hell hound attacks as it pursues you!
The hell hound closely misses you. x2; The hell hound misses you.
The obsidian bat misses you.
You hit the obsidian bat but do no damage.
The obsidian bat is moderately damaged.
The hell hound completely misses you. The obsidian bat completely misses you.
The hell hound misses you.
The hell hound disappears in a puff of smoke!
The obsidian bat completely misses you. The hell hound misses you.
The obsidian bat completely misses you. The obsidian bat completely misses you.
The obsidian bat bites you but does no damage.
The obsidian bat barely misses you.
The obsidian bat attacks as it pursues you!
The obsidian bat bites you.
* * * LOW HITPOINT WARNING * * *
Faint brimstone surges around you! The obsidian bat barely misses you.
You closely miss the hell hound. The hell hound closely misses you.
The obsidian bat bites you!
* * * LOW HITPOINT WARNING * * *
Faint brimstone surges around you! The obsidian bat bites you!
You die...

..#..#.#.#. ...........
...))...... ...........
.....).>.... .#.>.......
.......#... .#.#...##..
##@##...... ### ###
#..b##..... #.##
##.####..#.h..... ...#.
#...##....r..#...
........##......##...##..
...##..####.##.#......##.
...###.##.###......#.##
...#........##^..###.##
.................h....###


You could see an obsidian bat, a hell hound (summoned) and a hell rat
(summoned).

Vanquished Creatures
  2 kobold blastminers (Orc:1)
  A kobold demonologist (D:9)
  2 trolls (Orc:1)
  A vampire (D:9)
  Eustachio (D:6)
  3 steam dragons
  A warg (Orc:1)
  A water moccasin (D:6)
  Duvessa (D:5)
  An ice beast (D:7)
  A sky beast (D:7)
  3 orc warriors
  6 centaurs
  3 ogres (Orc:1)
  A kobold brigand (D:9)
  A phantom (D:6)
  3 bullfrogs
  2 scorpions
  Dowan (D:5)
  4 killer bees (D:9)
  A bombardier beetle (D:4)
  5 bullfrog zombies (Ossuary)
  2 jellies (D:6)
  4 hounds
  2 gnoll boudas
  6 orc priests
  2 sleepcaps
  Natasha (thrice) (D:4)
  3 iguanas
  7 orc wizards
  A killer bee zombie (Ossuary)
  3 crocodile zombies (Ossuary)
  2 hound zombies (Ossuary)
  7 mummies (Ossuary)
  4 howler monkey zombies (Ossuary)
  Robin (D:2)
  11 gnolls
  7 adders
  3 white imps (D:6)
  2 ufetubi (D:6)
  A dart slug (D:1)
  3 ribbon worms
  28 orcs
  5 ball pythons
  5 endoplasms
  2 giant cockroaches
  13 goblins
  10 hobgoblins
  8 jackals
  3 quokkas
  2 ball python zombies (Ossuary)
  4 bats
  A frilled lizard (D:1)
  14 kobolds
  4 rats
218 creatures vanquished.

Notes
Turn   | Place    | Note
-------+----------+-------------------------------------------
     0 | D:1      | olourkin the Kobold Hexslinger began the quest for the Orb.
     0 | D:1      | Reached XP level 1. HP: 12/12 MP: 2/2
   257 | D:1      | Reached skill level 3 in Ranged Weapons
   273 | D:1      | Reached XP level 2. HP: 14/16 MP: 3/3
   574 | D:1      | Reached skill level 4 in Ranged Weapons
   721 | D:1      | Found a faded altar of an unknown god.
   839 | D:1      | Reached XP level 3. HP: 11/20 MP: 4/4
  1270 | D:2      | Noticed Robin
  1578 | D:2      | Reached XP level 4. HP: 10/25 MP: 5/5
  1765 | D:2      | Reached skill level 5 in Ranged Weapons
  1774 | D:2      | Killed Robin
  2010 | D:2      | Reached skill level 1 in Short Blades
  2010 | D:2      | Reached XP level 5. HP: 25/26 MP: 6/6
  2601 | D:3      | Reached skill level 6 in Ranged Weapons
  2814 | D:3      | Noticed Terence
  3163 | D:3      | Noticed Ijyb
  3194 | D:3      | Reached XP level 6. HP: 20/34 MP: 7/7
  3322 | D:4      | Noticed Natasha
  3376 | D:4      | Noticed an ogre
  3508 | D:4      | Found a sand-covered staircase.
  3513 | D:4      | Killed Natasha
  3514 | D:4      | Reached skill level 7 in Ranged Weapons
  3520 | Ossuary  | Entered an ossuary
  3826 | Ossuary  | Reached XP level 7. HP: 36/38 MP: 8/8
  3884 | Ossuary  | Reached skill level 8 in Ranged Weapons
  4287 | Ossuary  | Reached XP level 8. HP: 35/43 MP: 9/9
  4669 | D:4      | Noticed Natasha
  4687 | D:4      | Killed Natasha
  4690 | D:4      | Reached skill level 9 in Ranged Weapons
  4781 | D:4      | Noticed Natasha
  4788 | D:4      | Killed Natasha
  4789 | D:4      | Reached skill level 5 in Short Blades
  4834 | D:4      | Reached skill level 5 in Dodging
  5050 | D:5      | Entered Level 5 of the Dungeon
  5624 | D:5      | Found an opulent altar of Gozag.
  5764 | D:5      | Noticed Duvessa
  5792 | D:5      | Killed Duvessa
  5868 | D:5      | Noticed Dowan
  5885 | D:5      | Reached skill level 10 in Ranged Weapons
  5941 | D:5      | Killed Dowan
  5970 | D:5      | Upgraded the game from 0.32-a0-468-g38b2580584 to
                  | 0.32-a0-791-gfc315c9ecd
  6337 | D:5      | Found a shimmering altar of Xom.
  6618 | D:6      | Noticed Eustachio
  6638 | D:6      | Killed Eustachio
  6639 | D:6      | Reached skill level 1 in Stealth
  6639 | D:6      | Reached XP level 9. HP: 31/47 MP: 10/10
  6732 | D:6      | Reached skill level 11 in Ranged Weapons
  7305 | D:7      | Noticed Jeremiah
  7432 | D:7      | Found Voekhle's Book Boutique.
  7473 | D:7      | Found a staircase to the Ecumenical Temple.
  7479 | Temple   | Entered the Ecumenical Temple
  7502 | Temple   | Became a worshipper of Dithmenos the Shadowed
  7660 | D:7      | Found an ornate altar of the Wu Jian Council.
  9482 | D:8      | Reached skill level 12 in Ranged Weapons
  9717 | D:8      | Reached XP level 10. HP: 52/52 MP: 11/11
 10122 | D:8      | Reached skill level 5 in Stealth
 11031 | D:9      | Reached * piety under Dithmenos
 11209 | D:9      | Found a burning altar of Makhleb.
 11238 | D:9      | Reached skill level 13 in Ranged Weapons
 11280 | D:9      | Found a shimmering blue altar of Sif Muna.
 11296 | D:9      | Noticed a kobold demonologist
 11310 | D:9      | Noticed an ice devil
 11311 | D:9      | Killed a kobold demonologist
 11551 | D:9      | Found a staircase to the Orcish Mines.
 11558 | Orc:1    | Entered Level 1 of the Orcish Mines
 11618 | Orc:1    | Noticed a kobold blastminer
 11647 | Orc:1    | Noticed a kobold blastminer
 11648 | Orc:1    | Killed a kobold blastminer
 11808 | Orc:1    | Noticed an obsidian bat
 11900 | Orc:1    | Noticed a kobold blastminer
 12005 | Orc:1    | Killed a kobold blastminer
 12400 | D:9      | Found a basalt altar of Yredelemnul.
 12407 | D:9      | Noticed Harold
 13299 | D:9      | Found a sacrificial altar of Ru.
 13867 | Orc:2    | Entered Level 2 of the Orcish Mines
 13874 | Orc:1    | Reached skill level 14 in Ranged Weapons
 13876 | Orc:1    | Reached XP level 11. HP: 56/56 MP: 12/12
 13877 | Orc:1    | Reached ** piety under Dithmenos
 14097 | Orc:1    | Slain by an obsidian bat

Illustrated notes

Levels and vault maps discovered:
D:1:      ldierk_walled_garden, layout_loops_ring,
          dreamdust_ecumenical_altar_grove, chequers_serial_rivers_marsh,
          hangedman_decor_slide_cut, minmay_misc_feat_alley
D:2:      layout_loops_ring, kennysheep_generic_room_10, uniq_robin
D:3:      layout_basic, uniq_ijyb, uniq_terence, uniq_grinder
D:4:      layout_rooms, nemelex_dance_club_becter, nicolae_ossuary_entry_plus,
          kennysheep_another_room, chequers_mini_garden, uniq_natasha
D:5:      layout_basic, marbit_many_paths, kennysheep_diamond,
          kennysheep_generic_room_11, uniq_duvessa
D:6:      layout_rooms, serial_park_tiny_pond, uniq_eustachio
D:7:      layout_basic, mainiacjoe_overflow_chevrons, minmay_temple_entry_trees,
          serial_shops, nicolae_book_shop_shelving, serial_co_window_serial,
          co_window_paths_b, co_window_cross_1, co_window_paths_a,
          co_window_corner_a, co_window_corner_a, co_window_paths_b,
          co_window_of_opportunity_a, co_window_2corner, co_window_broadway_b,
          co_window_2corner, uniq_jeremiah, uniq_maurice
D:8:      layout_gridville, dk_rats_in_the_wall
D:9:      layout_roguey, nicolae_ru_path_of_blood, mainiacjoe_overflow_catwalk,
          mainiacjoe_overflow_catch_the_wave, orc_0_dummy, uniq_harold
Temple:   bh_familiar_temple
Orc:1:    layout_caves, kennysheep_orc_sif_temple
Orc:2:    grunt_orc_cross, layout_caves, portal_ice_cave_entry_pillars_2,
          serial_shops, shop

Skill      XL: |  1  2  3  4  5  6  7  8  9 10 |
---------------+-------------------------------+-----
Ranged Weapons | 3 4 5 6 7 8 10 12 14 | 14.3
Dodging        | 3 4 6 7 8 |  8.9
Short Blades   | 1 2 3 4 6 7 9 |  9.4
Stealth        | 1 4 7 |  7.6
Fighting       | |  1.1
Spellcasting   | |  1.1
Hexes          | |  3.0
Fire Magic     | |  1.0

Action                     |  1- 3 |  4- 6 |  7- 9 | 10-12 || total
---------------------------+-------+-------+-------+-------++-------
  Melee: Short sword       |    24 |   117 |   371 |   300 ||   812
   Fire: Sling             |    79 |    74 |   188 |    22 ||   363
         Arbalest          |       |       |       |    19 ||    19
  Throw: Throwing net      |       |       |     1 |       ||     1
  Evoke: Wand              |       |       |       |     1 ||     1
    Use: Scroll            |       |       |     9 |     1 ||    10
         Potion            |       |       |     2 |     3 ||     5
   Stab: Sleeping          |       |     1 |     7 |    11 ||    19
         Distracted        |       |     1 |     1 |       ||     2
         Invisible         |       |       |       |     1 ||     1
 Armour: Leather armour    |    31 |    48 |   177 |       ||   256
         Steam dragon scal |       |       |       |   124 ||   124
  Dodge: Dodged            |    55 |    73 |   300 |   243 ||   671

Table legend: (Time is in decaauts)
 A = Elapsed time spent in this place.
 B = Non-inter-level travel time spent in this place.
 C = Inter-level travel time spent in this place.
 D = Time resting spent in this place.
 E = Time spent auto-exploring this place.
 F = Levels seen in this place.
 G = Mean time per level.
                   A        B        C        D        E       F      G
               +--------+--------+--------+--------+--------+-----+--------+
         Total |  13852 |  13193 |    659 |   4632 |   4627 |  13 | 1065.5 |
       Dungeon |  12129 |  11513 |    616 |   3826 |   4361 |   9 | 1347.7 |
        Temple |     45 |      2 |     43 |      0 |      0 |   1 |   45.0 |
  Orcish Mines |    690 |    690 |      0 |    297 |     47 |   2 |  345.0 |
       Ossuary |    986 |    986 |      0 |    508 |    219 |   1 |  986.0 |
               +--------+--------+--------+--------+--------+-----+--------+

Top non-repeatable levels by time:
     D:8: 2410 daAuts
     D:9: 1866 daAuts
     D:2: 1635 daAuts
     D:7: 1480 daAuts
     D:5: 1266 daAuts
     D:1: 1066 daAuts
 Ossuary: 986 daAuts
     D:6: 904 daAuts
     D:4: 828 daAuts
   Orc:1: 686 daAuts
     D:3: 671 daAuts
  Temple: 45 daAuts
   Orc:2: 3 daAuts
